[Event "Czech Juniors Girls 2024"]
[Site "Jaromerice nad Rokytnou"]
[Date "2024.03.12"]
[Round "4.3"]
[White "Voriskova, Anna"]
[Black "Jakubse, Tamae Severina"]
[Result "1-0"]
[ECO "A29"]
[WhiteElo "1999"]
[BlackElo "1861"]
[Annotator "ChessBase"]
[PlyCount "241"]
[EventDate "2024.03.10"]
[EventType "tourn"]
[EventCountry "CZE"]
[SourceTitle "playchess.com"]
[Source "ChessBase"]
[SourceQuality "1"]
[WhiteTeam "Czech Republic"]
[BlackTeam "Czech Republic"]
[WhiteTeamCountry "CZE"]
[BlackTeamCountry "CZE"]
[TimeControl "40/5400+30:1800+30"]

1. c4 e5 2. Nc3 Nf6 3. g3 Bb4 4. Bg2 O-O 5. Nf3 Re8 6. O-O e4 7. Nd4 Nc6 8. Nc2 Bxc3 9. dxc3 d6 10. Ne3 Be6 11. Qc2 Qd7 12. Rd1 Bh3 13. Bh1 Re6 14. Nd5 Bf5 15. Be3 Rae8 16. Qa4 h5 17. h4 Bg4 18. Rd2 Bf5 19. Rad1 Ng4 20. c5 Qc8 21. cxd6 cxd6 22. Bg2 b6 23. b3 Qb7 24. Nf4 Nxe3 25. fxe3 Re5 26. Rxd6 b5 27. Qa3 Bg4 28. Qb2 b4 29. cxb4 Nxb4 30. Rd8 Kh7 31. Rxe8 Rxe8 32. Rd4 f5 33. Qd2 a5 34. Rd7 Qb6 35. Qc3 Rg8 36. a3 Na6 37. Nd5 Qe6 38. Ra7 Qxd5 39. Rxa6 Qd1+ 40. Kh2 Qxe2 41. Rd6 Bf3 42. Rd2 Qe1 43. Qxa5 Qxe3 44. Qxf5+ g6 45. Qd5 Rg7 46. a4 Bg4 47. Qd4 Qxd4 48. Rxd4 e3 49. Re4 e2 50. Kg1 Rc7 51. a5 Rc3 52. b4 Rxg3 53. Kf2 Ra3 54. Re8 Ra4 55. b5 Kh6 56. b6 Bd7 57. Re7 Bc8 58. Re5 Ba6 59. Re6 Rxa5 60. Be4 Kg7 61. b7 Bxb7 62. Re7+ Kf6 63. Rxb7 Ra4 64. Bd3 Rxh4 65. Rb6+ Ke5 66. Rxg6 Kd4 67. Bxe2 Rh2+ 68. Kf3 Rh3+ 69. Kf4 Rh4+ 70. Kg5 Rh2 71. Bxh5 Rg2+ 72. Bg4 Rb2 73. Re6 Rb5+ 74. Kf4 Rb8 75. Rd6+ Kc5 76. Rd1 Rb4+ 77. Kf5 Rb2 78. Ke5 Rg2 79. Rc1+ Kb4 80. Bf3 Rg5+ 81. Kd4 Rg8 82. Rb1+ Ka3 83. Be2 Ka4 84. Kc3 Rg3+ 85. Kc4 Ka5 86. Bd3 Rg4+ 87. Kc5 Rg5+ 88. Kc6 Rh5 89. Be2 Rg5 90. Bc4 Ka4 91. Rb8 Rh5 92. Bd5 Rh4 93. Kc5 Ka3 94. Rb3+ Ka4 95. Rb2 Rh3 96. Rb8 Ka3 97. Bc4 Rh4 98. Rb3+ Ka4 99. Rb1 Ka3 100. Rb3+ Ka4 101. Rb8 Ka3 102. Bd3 Rg4 103. Be2 Rh4 104. Bf3 Rf4 105. Bd5 Rh4 106. Rb3+ Ka4 107. Rg3 Rh5 108. Re3 Rg5 109. Kc4 Ka5 110. Rb3 Rg4+ 111. Kc5 Ka4 112. Rb1 Ka3 113. Bf3 Rh4 114. Be2 Rf4 115. Bc4 Rh4 116. Rb3+ Ka4 117. Rg3 Rh5+ 118. Bd5 Rf5 119. Rg8 Ka3 120. Rg2 Rf4 121. Ra2# 1-0

[Event "Czech Juniors Girls 2024"]
[Site "Jaromerice nad Rokytnou"]
[Date "2024.03.12"]
[Round "4.4"]
[White "Fizerova, Lucie"]
[Black "Sulcova, Tereza Radmila"]
[Result "1-0"]
[ECO "B13"]
[WhiteElo "1886"]
[BlackElo "1835"]
[Annotator "NA RC"]
[PlyCount "105"]
[EventDate "2024.03.10"]
[EventType "tourn"]
[EventCountry "CZE"]
[SourceTitle "playchess.com"]
[Source "ChessBase"]
[SourceQuality "1"]
[WhiteTeam "Czech Republic"]
[BlackTeam "Czech Republic"]
[WhiteTeamCountry "CZE"]
[BlackTeamCountry "CZE"]
[TimeControl "40/5400+30:1800+30"]

1. e4 g6 2. d4 c6 3. c3 d5 4. exd5 cxd5 5. Bd3 Nf6 6. h3 Bg7 7. Nf3 Nc6 8. O-O O-O 9. Bf4 Be6 {[%emt 0:07:39] B13: Caro-Kann: Exchange Variation and Panov-Botvinnik Attack.} 10. Re1 Qd7 11. Nbd2 Bf5 12. Bf1 Ne4 13. Nxe4 Bxe4 14. Nd2 Bf5 15. Nb3 b6 16. a4 a5 17. Bb5 Be6 18. Nd2 Qb7 19. Nf3 Rfc8 20. Qe2 Ra7 21. Rad1 Nd8 22. Ng5 h6 23. Nxe6 Nxe6 24. Bh2 Bf6 25. Bd3 Nf8 26. Qe3 Bg7 27. Re2 Rc6 28. Rde1 Re6 29. Qd2 Rxe2 30. Qxe2 Qc6 31. Bb5 Qc8 32. Qf3 e6 33. Qf4 Nh7 34. Qd6 Rb7 35. Ba6 Bf8 36. Bxb7 Qxb7 37. Qc7 Qa6 38. Qb8 Qc4 39. Qxb6 Qxa4 40. Bc7 Qa2 41. Qxa5 Qxb2 42. Qa1 Qd2 43. Rb1 Nf6 44. Qb2 $18 (44. Qa8 $142 Qxc3 45. Bd6) 44... Qd3 45. f3 Qe3+ 46. Kh1 Bg7 47. Ra1 Kh7 48. Ra8 Qe1+ 49. Kh2 e5 50. Bxe5 Ng4+ 51. fxg4 Bxe5+ 52. dxe5 Qxe5+ 53. g3 1-0

[Event "Czech Juniors Girls 2024"]
[Site "Jaromerice nad Rokytnou"]
[Date "2024.03.12"]
[Round "4.5"]
[White "Nagyova, Daniela"]
[Black "Markina, Sofiia"]
[Result "1-0"]
[ECO "B12"]
[WhiteElo "1927"]
[BlackElo "1857"]
[Annotator "RC"]
[PlyCount "87"]
[EventDate "2024.03.10"]
[EventType "tourn"]
[EventCountry "CZE"]
[SourceTitle "playchess.com"]
[Source "ChessBase"]
[SourceQuality "1"]
[WhiteTeam "Czech Republic"]
[BlackTeam "Czech Republic"]
[WhiteTeamCountry "CZE"]
[BlackTeamCountry "CZE"]
[TimeControl "40/5400+30:1800+30"]

1. e4 c6 2. d4 d5 3. e5 Bf5 4. c4 e6 5. Nc3 dxc4 6. Bxc4 Nd7 7. h3 Ne7 8. Nf3 Nb6 9. Bb3 Ned5 10. O-O Be7 11. Re1 O-O 12. Bd2 Nb4 13. Ne4 Nd3 14. Re2 Nd5 15. Bc3 N3f4 16. Re1 Bxe4 17. Rxe4 f5 18. exf6 Rxf6 19. Kh2 Qf8 20. Bd2 Bd6 21. Ne5 Nd3 22. Qe2 Nxe5 23. dxe5 Rxf2 24. Qg4 Qf5 25. exd6 Qxg4 26. hxg4 Rxd2 27. Rxe6 Rd8 28. Rae1 Rd7 29. Re8+ Kf7 30. R8e7+ Rxe7 31. Rxe7+ Kf6 32. Bxd5 Rxd5 33. Rxb7 Rxd6 34. Rxa7 Rd2 35. Rb7 g5 36. a4 h6 37. a5 Rd8 38. a6 Ke6 39. a7 Ra8 40. Kg3 Kd6 41. Kf3 c5 42. Ke4 Kc6 43. Rh7 Kb6 44. Kf5 1-0

[Event "Czech Juniors Girls 2024"]
[Site "Jaromerice nad Rokytnou"]
[Date "2024.03.13"]
[Round "5.1"]
[White "Markina, Sofiia"]
[Black "Trasakova, Adela"]
[Result "1-0"]
[ECO "B13"]
[WhiteElo "1857"]
[BlackElo "1935"]
[Annotator "RC"]
[PlyCount "77"]
[EventDate "2024.03.10"]
[EventType "tourn"]
[EventCountry "CZE"]
[SourceTitle "playchess.com"]
[Source "ChessBase"]
[SourceQuality "1"]
[WhiteTeam "Czech Republic"]
[BlackTeam "Czech Republic"]
[WhiteTeamCountry "CZE"]
[BlackTeamCountry "CZE"]
[TimeControl "40/5400+30:1800+30"]

1. e4 c6 2. d4 d5 3. exd5 cxd5 4. c4 Nf6 5. Nc3 Nc6 6. Nf3 Bg4 7. cxd5 Nxd5 8. Qb3 Bxf3 9. gxf3 e6 10. Qxb7 Nxd4 11. Bb5+ Nxb5 12. Qc6+ Ke7 13. Qc5+ Nd6 14. Nxd5+ exd5 15. O-O Kd7 16. Qxd5 Be7 17. Rd1 Rc8 18. Bf4 Rc6 19. b4 Qa8 20. a4 Rb6 21. Qd3 a5 22. b5 Rd8 23. Rac1 g6 24. Qe3 Qb8 25. Rc6 Rxc6 26. bxc6+ Kc8 27. Qxe7 Qc7 28. Qf6 Ne8 29. Rxd8+ Qxd8 30. Qxf7 Nc7 31. Qxh7 g5 32. Qxc7+ Qxc7 33. Bxc7 Kxc7 34. Kg2 Kxc6 35. f4 gxf4 36. Kf3 Kc5 37. h4 Kb4 38. h5 Kxa4 39. h6 1-0

[Event "Czech Juniors Girls 2024"]
[Site "Jaromerice nad Rokytnou"]
[Date "2024.03.13"]
[Round "5.2"]
[White "Sulcova, Tereza Radmila"]
[Black "Nagyova, Daniela"]
[Result "1-0"]
[ECO "C90"]
[WhiteElo "1835"]
[BlackElo "1927"]
[Annotator "RC"]
[PlyCount "93"]
[EventDate "2024.03.10"]
[EventType "tourn"]
[EventCountry "CZE"]
[SourceTitle "playchess.com"]
[Source "ChessBase"]
[SourceQuality "1"]
[WhiteTeam "Czech Republic"]
[BlackTeam "Czech Republic"]
[WhiteTeamCountry "CZE"]
[BlackTeamCountry "CZE"]
[TimeControl "40/5400+30:1800+30"]

1. e4 e5 2. Nf3 Nc6 3. Bc4 Be7 4. O-O Nf6 5. d3 d6 6. c3 O-O 7. Nbd2 Na5 8. Bb5 a6 9. Ba4 b5 10. Bc2 c5 11. d4 Qc7 12. Re1 c4 13. Nf1 h6 14. Ne3 Re8 15. Nd5 Nxd5 16. exd5 Bg4 17. dxe5 dxe5 18. h3 Bxf3 19. Qxf3 Bf8 20. h4 Rad8 21. h5 Rd6 22. Qe4 g6 23. hxg6 fxg6 24. Re3 Kh7 25. Rg3 Qf7 26. Be3 Nb7 27. Rd1 Rf6 28. Qh4 Nd6 29. Rh3 Nf5 30. Qe4 Nxe3 31. Qxe3 Qc7 32. Rd2 Qc5 33. Rxh6+ Bxh6 34. Qxc5 Bxd2 35. Qc7+ Kh6 36. d6 Rff8 37. d7 Rd8 38. Qb6 e4 39. Bxe4 Kg5 40. Qxg6+ Kf4 41. Bc6 Ke5 42. Qe4+ Kd6 43. Qd5+ Kc7 44. Qc5 b4 45. Bd5+ Kxd7 46. Qc6+ Ke7 47. Qe6# 1-0

[Event "Czech Juniors Girls 2024"]
[Site "Jaromerice nad Rokytnou"]
[Date "2024.03.13"]
[Round "5.3"]
[White "Jakubse, Tamae Severina"]
[Black "Fizerova, Lucie"]
[Result "0-1"]
[ECO "B22"]
[WhiteElo "1861"]
[BlackElo "1886"]
[Annotator "NA RC"]
[PlyCount "64"]
[EventDate "2024.03.10"]
[EventType "tourn"]
[EventCountry "CZE"]
[SourceTitle "playchess.com"]
[Source "ChessBase"]
[SourceQuality "1"]
[WhiteTeam "Czech Republic"]
[BlackTeam "Czech Republic"]
[WhiteTeamCountry "CZE"]
[BlackTeamCountry "CZE"]
[TimeControl "40/5400+30:1800+30"]

1. e4 c5 2. c3 d5 3. exd5 Qxd5 4. d4 Nf6 5. Nf3 e6 6. Na3 Qd8 7. Nc4 Nc6 8. Be3 {[%emt 0:00:14] B22: Sicilian: 2 c3.} Nd5 {[%emt 0:00:38] The main line 8...Nd5 scores better than 8...cxd4.} 9. Bd3 Be7 10. dxc5 Nxe3 11. Nxe3 Bxc5 12. Qe2 O-O 13. O-O-O Qe7 14. h4 $146 ({Predecessor:} 14. Kb1 a6 15. h4 f5 16. Nc4 b5 17. Nce5 Nxe5 18. Nxe5 Bb7 19. f3 Rad8 20. h5 {½-½ Ortiz Sanchez,L (1871)-Burrows,M (2087) Leamington Spa 4NCL op-A 28th 2022 (3)}) 14... h6 15. g4 g6 16. Nd2 Ne5 17. Bc2 b5 18. Rdg1 $2 (18. f4 $16 Bxe3 19. Qxe3 (19. fxe5 Bxd2+ 20. Qxd2 Bb7 $16) 19... Nxg4 20. Qf3) 18... Bb7 19. Rh3 Rfd8 20. f4 {[%emt 0:04:35] [#]} Rxd2 $1 21. Qxd2 Nf3 22. Rxf3 Bxf3 23. Rg3 (23. Qf2 $142 Bc6 24. Kb1) 23... Rd8 24. Qf2 Bc6 25. Rg1 a5 26. Re1 b4 27. c4 a4 28. g5 h5 29. Qg3 Qa7 30. Re2 {[%emt 0:03:51] [#]} b3 $19 31. axb3 axb3 32. Bb1 Qa1 0-1

[Event "Czech Juniors Girls 2024"]
[Site "Jaromerice nad Rokytnou"]
[Date "2024.03.13"]
[Round "5.4"]
[White "Nespora, Tatana"]
[Black "Voriskova, Anna"]
[Result "0-1"]
[ECO "B21"]
[WhiteElo "1839"]
[BlackElo "1999"]
[Annotator "RC"]
[PlyCount "76"]
[EventDate "2024.03.10"]
[EventType "tourn"]
[EventCountry "CZE"]
[SourceTitle "playchess.com"]
[Source "ChessBase"]
[SourceQuality "1"]
[WhiteTeam "Czech Republic"]
[BlackTeam "Czech Republic"]
[WhiteTeamCountry "CZE"]
[BlackTeamCountry "CZE"]
[TimeControl "40/5400+30:1800+30"]

1. e4 c5 2. d4 cxd4 3. c3 dxc3 4. Nxc3 Nc6 5. Nf3 e6 6. Bf4 a6 7. h4 Bb4 8. Qc2 Qa5 9. Be2 Nge7 10. O-O O-O 11. Bd2 Qd8 12. a3 Bd6 13. Ng5 f5 14. exf5 Nxf5 15. Nce4 Be7 16. g4 Ncd4 17. Qd3 Nxe2+ 18. Qxe2 Nxh4 19. Qd3 Ng6 20. f4 d5 21. Ng3 Bd7 22. Nh5 Qb6+ 23. Rf2 Bxg5 24. Be3 Qb5 25. Qxb5 Bxb5 26. fxg5 Rxf2 27. Kxf2 Rf8+ 28. Kg3 e5 29. Rc1 Bc6 30. Bc5 Rf7 31. Re1 d4 32. Bd6 Rf3+ 33. Kh2 d3 34. Rd1 Rf2+ 35. Kh3 e4 36. Bc5 Rf3+ 37. Kh2 Ba4 38. Rd2 Ne5 0-1

[Event "Czech Juniors Girls 2024"]
[Site "Jaromerice nad Rokytnou"]
[Date "2024.03.13"]
[Round "5.5"]
[White "Zelbova, Lada"]
[Black "Petirova, Iva"]
[Result "1-0"]
[ECO "A48"]
[WhiteElo "1954"]
[BlackElo "1846"]
[Annotator "RC"]
[PlyCount "107"]
[EventDate "2024.03.10"]
[EventType "tourn"]
[EventCountry "CZE"]
[SourceTitle "playchess.com"]
[Source "ChessBase"]
[SourceQuality "1"]
[WhiteTeam "Czech Republic"]
[BlackTeam "Czech Republic"]
[WhiteTeamCountry "CZE"]
[BlackTeamCountry "CZE"]
[TimeControl "40/5400+30:1800+30"]

1. d4 Nf6 2. Nf3 g6 3. Bg5 d6 4. Nbd2 Nbd7 5. c3 Bg7 6. e4 h6 7. Bh4 g5 8. Bg3 Nh5 9. Bd3 e5 10. dxe5 Nxe5 11. Nxe5 dxe5 12. Bb5+ c6 13. Bxc6+ bxc6 14. Qxh5 Ba6 15. Qf3 h5 16. h3 Rb8 17. b3 h4 18. Bh2 O-O 19. Qe3 f5 20. c4 f4 21. Qe2 Qf6 22. O-O Rbd8 23. Rfd1 Bc8 24. f3 Rd4 25. Kh1 Rfd8 26. Bg1 Qd6 27. Bxd4 exd4 28. Qd3 Qb4 29. Rdc1 Qa3 30. e5 Qf8 31. Qg6 Qf5 32. Qxf5 Bxf5 33. Re1 Kf7 34. Ne4 Bxe4 35. Rxe4 Ke6 36. Rd1 d3 37. Rd2 Bf8 38. Kg1 Bc5+ 39. Kf1 Be3 40. Rd1 a5 41. c5 Rd5 42. Rc4 Bxc5 43. Rc3 d2 44. Rc2 Bb4 45. a3 Bxa3 46. Rdxd2 Rxe5 47. Re2 c5 48. Rxe5+ Kxe5 49. Ke2 Kd4 50. Rc4+ Kd5 51. Kd3 Bb4 52. Re4 Kc6 53. Kc4 Kd6 54. Re8 1-0

[Event "Czech Juniors Girls 2024"]
[Site "Jaromerice nad Rokytnou"]
[Date "2024.03.13"]
[Round "6.1"]
[White "Trasakova, Adela"]
[Black "Petirova, Iva"]
[Result "1/2-1/2"]
[ECO "A49"]
[WhiteElo "1935"]
[BlackElo "1846"]
[Annotator "RC"]
[PlyCount "61"]
[EventDate "2024.03.10"]
[EventType "tourn"]
[EventCountry "CZE"]
[SourceTitle "playchess.com"]
[Source "ChessBase"]
[SourceQuality "1"]
[WhiteTeam "Czech Republic"]
[BlackTeam "Czech Republic"]
[WhiteTeamCountry "CZE"]
[BlackTeamCountry "CZE"]
[TimeControl "40/5400+30:1800+30"]

1. d4 Nf6 2. Nf3 g6 3. g3 Bg7 4. Bg2 O-O 5. O-O d6 6. b3 e5 7. dxe5 dxe5 8. Bb2 e4 9. Ne5 Ng4 10. Nc4 Bxb2 11. Qxd8 Rxd8 12. Nxb2 f5 13. e3 Nc6 14. Na3 a6 15. Rad1 Be6 16. Na4 b6 17. Nc3 Nb4 18. Rfe1 Ne5 19. Kf1 Kf7 20. h3 h5 21. Rxd8 Rxd8 22. Rc1 Ke7 23. Nab1 Rd7 24. a3 Nd5 25. Ke2 Nxc3+ 26. Nxc3 Bf7 27. Rd1 Rxd1 28. Nxd1 Kd6 29. Kd2 c5 30. Kc3 b5 31. h4 1/2-1/2

[Event "Czech Juniors Girls 2024"]
[Site "Jaromerice nad Rokytnou"]
[Date "2024.03.13"]
[Round "6.2"]
[White "Voriskova, Anna"]
[Black "Zelbova, Lada"]
[Result "0-1"]
[ECO "B21"]
[WhiteElo "1999"]
[BlackElo "1954"]
[Annotator "RC"]
[PlyCount "78"]
[EventDate "2024.03.10"]
[EventType "tourn"]
[EventCountry "CZE"]
[SourceTitle "playchess.com"]
[Source "ChessBase"]
[SourceQuality "1"]
[WhiteTeam "Czech Republic"]
[BlackTeam "Czech Republic"]
[WhiteTeamCountry "CZE"]
[BlackTeamCountry "CZE"]
[TimeControl "40/5400+30:1800+30"]

1. e4 c5 2. d4 cxd4 3. c3 dxc3 4. Nxc3 d6 5. Nf3 Nc6 6. Bc4 e6 7. Bf4 Be7 8. Nb5 e5 9. Bg5 a6 10. Bxe7 Kxe7 11. Nc3 Be6 12. Bd5 Nf6 13. O-O Re8 14. Qd2 Kf8 15. Bxe6 fxe6 16. Rad1 Ke7 17. Qg5 Rg8 18. Rd2 Qc7 19. Rfd1 Rad8 20. Qh4 h6 21. g4 Qd7 22. g5 hxg5 23. Qxg5 Qe8 24. Kf1 Qh5 25. Qe3 Rd7 26. Ne2 Ng4 27. Qa3 Nxh2+ 28. Nxh2 Qxh2 29. Rxd6 Qh1+ 30. Ng1 Rxd6 31. Qxd6+ Kf6 32. Re1 g5 33. Qa3 Nd4 34. Qd3 g4 35. Qg3 Nf3 36. Rd1 Rc8 37. Ke2 Nxg1+ 38. Rxg1 Qxe4+ 39. Kd2 Rc2+ 0-1

[Event "Czech Juniors Girls 2024"]
[Site "Jaromerice nad Rokytnou"]
[Date "2024.03.13"]
[Round "6.3"]
[White "Fizerova, Lucie"]
[Black "Nespora, Tatana"]
[Result "1/2-1/2"]
[ECO "B31"]
[WhiteElo "1886"]
[BlackElo "1839"]
[Annotator "NA RC"]
[PlyCount "72"]
[EventDate "2024.03.10"]
[EventType "tourn"]
[EventCountry "CZE"]
[SourceTitle "playchess.com"]
[Source "ChessBase"]
[SourceQuality "1"]
[WhiteTeam "Czech Republic"]
[BlackTeam "Czech Republic"]
[WhiteTeamCountry "CZE"]
[BlackTeamCountry "CZE"]
[TimeControl "40/5400+30:1800+30"]

1. e4 c5 2. Nf3 Nc6 3. Bb5 g6 4. O-O Bg7 5. Re1 e5 6. Bxc6 dxc6 7. a4 {[%emt 0:00:13] B31: Sicilian: 2...Nc6 3 Bb5 g6.} a5 8. Na3 Qc7 9. d3 Nf6 10. Nc4 Nd7 11. Be3 O-O 12. Qc1 Re8 13. h3 b6 14. Nh2 Ba6 15. Nd2 Nf8 16. Ndf3 Ne6 17. Ng4 (17. Bh6 $11) 17... Rad8 18. Bh6 Bh8 19. g3 Bc8 20. Kg2 Nd4 21. Nxd4 cxd4 22. Bg5 Rd6 23. f3 Bg7 24. Nf2 (24. f4 $11) 24... Bf6 25. Bxf6 Rxf6 $11 26. Qh6 Rd6 27. h4 f6 28. h5 Qg7 29. Qxg7+ Kxg7 30. Rh1 g5 31. g4 h6 32. Nd1 Be6 33. b3 Ra8 34. Nb2 b5 35. Ra3 Rd7 36. Kf2 b4 1/2-1/2

[Event "Czech Juniors Girls 2024"]
[Site "Jaromerice nad Rokytnou"]
[Date "2024.03.13"]
[Round "6.4"]
[White "Nagyova, Daniela"]
[Black "Jakubse, Tamae Severina"]
[Result "1-0"]
[ECO "C54"]
[WhiteElo "1927"]
[BlackElo "1861"]
[Annotator "RC"]
[PlyCount "143"]
[EventDate "2024.03.10"]
[EventType "tourn"]
[EventCountry "CZE"]
[SourceTitle "playchess.com"]
[Source "ChessBase"]
[SourceQuality "1"]
[WhiteTeam "Czech Republic"]
[BlackTeam "Czech Republic"]
[WhiteTeamCountry "CZE"]
[BlackTeamCountry "CZE"]
[TimeControl "40/5400+30:1800+30"]

1. e4 e5 2. Nf3 Nc6 3. Bc4 Nf6 4. d3 Bc5 5. c3 d6 6. O-O a5 7. Nbd2 O-O 8. h3 Ba7 9. Re1 h6 10. Nf1 Be6 11. Bb3 Bxb3 12. Qxb3 Qd7 13. Bd2 Rfe8 14. Ng3 d5 15. Rad1 Rad8 16. Bc1 d4 17. Qb5 b6 18. Qxb6 Rb8 19. Qa6 Rb6 20. Qc4 Reb8 21. Nf5 Rb5 22. Qa4 Rc5 23. Qa3 Ne8 24. cxd4 exd4 25. Bf4 Rc2 26. Rb1 Rb5 27. Rec1 Nb4 28. Rxc2 Nxc2 29. Qa4 Nb4 30. N3xd4 Bxd4 31. Nxd4 Rd5 32. Qxd7 Rxd7 33. Nb5 c6 34. Na3 Rxd3 35. Rc1 Rd4 36. Rc4 Rd1+ 37. Kh2 Nf6 38. Be5 Nd7 39. Bc3 Nb6 40. Rc5 Na4 41. Rxa5 Nxc3 42. bxc3 Nxa2 43. Rc5 Rc1 44. Rxc6 Rxc3 45. Rxc3 Nxc3 46. f3 Ne2 47. g3 Kf8 48. Nb5 Nc1 49. Kg2 Nd3 50. Kf1 Ke7 51. Ke2 Ne5 52. Ke3 Nc6 53. Nd4 Ne5 54. f4 Nc4+ 55. Kd3 Nd6 56. Nf5+ Nxf5 57. exf5 Kf6 58. Ke4 Ke7 59. Ke5 Kd7 60. g4 f6+ 61. Kd5 Ke7 62. Kc6 Kf7 63. Kd7 Kf8 64. Ke6 Kg8 65. Ke7 Kh7 66. Kf7 Kh8 67. h4 Kh7 68. g5 fxg5 69. fxg5 hxg5 70. hxg5 Kh8 71. f6 gxf6 72. g6 1-0

[Event "Czech Juniors Girls 2024"]
[Site "Jaromerice nad Rokytnou"]
[Date "2024.03.13"]
[Round "6.5"]
[White "Markina, Sofiia"]
[Black "Sulcova, Tereza Radmila"]
[Result "0-1"]
[ECO "B06"]
[WhiteElo "1857"]
[BlackElo "1835"]
[Annotator "NA RC"]
[PlyCount "72"]
[EventDate "2024.03.10"]
[EventType "tourn"]
[EventCountry "CZE"]
[SourceTitle "playchess.com"]
[Source "ChessBase"]
[SourceQuality "1"]
[WhiteTeam "Czech Republic"]
[BlackTeam "Czech Republic"]
[WhiteTeamCountry "CZE"]
[BlackTeamCountry "CZE"]
[TimeControl "40/5400+30:1800+30"]

1. e4 g6 2. d4 Nf6 3. Nc3 d5 4. e5 Nh5 5. Be2 Ng7 6. Bh6 c6 {[%emt 0:01:42] B06: Modern Defence.} 7. Nf3 (7. Qd2 $16) 7... Nd7 8. Bxg7 Bxg7 9. e6 fxe6 10. Ng5 Nf6 11. Bg4 Nxg4 12. Qxg4 e5 13. Qg3 exd4 14. Nd1 Qd6 15. Qxd6 exd6 16. O-O Bf5 17. c3 dxc3 18. Nxc3 Kd7 19. h3 h6 20. Nf3 Rhf8 21. Nh4 g5 22. Nxf5 Rxf5 23. Rae1 Re8 24. Rxe8 Kxe8 25. Re1+ Re5 26. Rxe5+ dxe5 27. Kf1 Kd7 28. f3 e4 29. Na4 exf3 30. gxf3 $19 b6 31. Nc3 Kd6 32. Ke2 a6 33. Kd3 c5 34. a3 b5 35. Kc2 Bxc3 36. Kxc3 Ke5 0-1

[Event "Czech Juniors Girls 2024"]
[Site "Jaromerice nad Rokytnou"]
[Date "2024.03.14"]
[Round "7.1"]
[White "Sulcova, Tereza Radmila"]
[Black "Trasakova, Adela"]
[Result "0-1"]
[ECO "A03"]
[WhiteElo "1835"]
[BlackElo "1935"]
[Annotator "RC"]
[PlyCount "174"]
[EventDate "2024.03.10"]
[EventType "tourn"]
[EventCountry "CZE"]
[SourceTitle "playchess.com"]
[Source "ChessBase"]
[SourceQuality "1"]
[WhiteTeam "Czech Republic"]
[BlackTeam "Czech Republic"]
[WhiteTeamCountry "CZE"]
[BlackTeamCountry "CZE"]
[TimeControl "40/5400+30:1800+30"]

1. f4 d5 2. Nf3 Nf6 3. d3 g6 4. g3 Bg7 5. Bg2 O-O 6. O-O b6 7. Qe1 Bb7 8. h3 Re8 9. g4 Nbd7 10. f5 e5 11. g5 Nh5 12. f6 Bf8 13. e3 e4 14. dxe4 dxe4 15. Nh2 Bd6 16. Ng4 Ba6 17. Nh6+ Kf8 18. Rf2 Bg3 19. Qb4+ c5 20. Qa3 Bxf2+ 21. Kxf2 Bb7 22. Nc3 Qc7 23. Ne2 Ne5 24. b4 Nc4 25. Qb3 Bd5 26. bxc5 bxc5 27. Qc3 Re6 28. a4 Rb8 29. Ng4 Qb6 30. a5 Qc7 31. Qe1 Ra6 32. Bd2 Rb2 33. Qc1 Qb7 34. Bc3 Rb5 35. Qe1 Qc7 36. Bf1 Qc6 37. Nc1 Qd6 38. Kg2 Be6 39. Be2 Qd7 40. Nb3 Qc7 41. Ra4 Bxg4 42. Bxg4 Nd6 43. h4 c4 44. Nd4 Rb8 45. Qd1 Nxf6 46. gxf6 Ne8 47. Be2 Rxf6 48. Rxc4 Qd7 49. Qe1 Kg8 50. Nb3 Rc6 51. Rxc6 Qxc6 52. Be5 Rd8 53. Nd4 Qd5 54. Bf4 Nd6 55. Bxd6 Qxd6 56. Qg3 Qc5 57. a6 Qc3 58. Kf2 Qa3 59. Qc7 Qd6 60. Qxd6 Rxd6 61. Nb5 Rxa6 62. c4 Ra1 63. c5 Rc1 64. Nxa7 Rxc5 65. Nb5 f5 66. Nd4 Kf7 67. Bd1 Kf6 68. Ne2 h6 69. Ng3 g5 70. hxg5+ hxg5 71. Ke1 Ke5 72. Nf1 f4 73. exf4+ gxf4 74. Nd2 Rc3 75. Nb3 Rc8 76. Na1 f3 77. Nc2 Kf4 78. Nb4 Rd8 79. Bc2 Ke3 80. Bb3 Kf4 81. Nd5+ Kg3 82. Nf6 Rd4 83. Nh5+ Kh4 84. Nf4 Kg4 85. Ne6 Rb4 86. Bc2 e3 87. Nc5 Rc4 0-1

[Event "Czech Juniors Girls 2024"]
[Site "Jaromerice nad Rokytnou"]
[Date "2024.03.14"]
[Round "7.2"]
[White "Jakubse, Tamae Severina"]
[Black "Markina, Sofiia"]
[Result "1-0"]
[ECO "B22"]
[WhiteElo "1861"]
[BlackElo "1857"]
[Annotator "NA RC"]
[PlyCount "87"]
[EventDate "2024.03.10"]
[EventType "tourn"]
[EventCountry "CZE"]
[SourceTitle "playchess.com"]
[Source "ChessBase"]
[SourceQuality "1"]
[WhiteTeam "Czech Republic"]
[BlackTeam "Czech Republic"]
[WhiteTeamCountry "CZE"]
[BlackTeamCountry "CZE"]
[TimeControl "40/5400+30:1800+30"]

1. e4 c5 2. c3 d5 3. exd5 Qxd5 4. d4 g6 5. Nf3 Bg7 6. Na3 Nf6 7. Be3 {[%emt 0:09:37] B22: Sicilian: 2 c3.} cxd4 8. Bc4 Qd8 9. Nxd4 O-O 10. h3 a6 11. O-O Bd7 12. Qe2 Nc6 13. Nxc6 Bxc6 14. Nc2 b5 15. Bb3 e5 16. Nb4 Bb7 17. a4 a5 18. Nd3 bxa4 19. Rxa4 Ba6 20. c4 Nd7 21. Nc5 Nxc5 22. Bxc5 Re8 23. Rd1 Qg5 ({Vorzuziehen ist} 23... Qc7 $14 24. Bd6 Qc6) 24. Be3 Qe7 25. Qc2 Bb7 26. c5 Bc6 27. Raa1 Qb7 28. Ba4 Bxa4 29. Rxa4 Qc7 30. Rda1 e4 31. Rxe4 Rxe4 32. Qxe4 Rd8 (32... Rc8 $16 33. Rb1 Qe5 34. Qxe5 Bxe5) 33. Rb1 Kh8 34. g3 Qc8 35. Kg2 Re8 36. Qa4 Qa8+ 37. Kh2 Qd8 38. Rd1 Qa8 39. Qd7 Kg8 40. c6 Bxb2 41. c7 Bf6 42. Bd4 $18 Bxd4 43. Rxd4 Kg7 44. Rf4 1-0

[Event "Czech Juniors Girls 2024"]
[Site "Jaromerice nad Rokytnou"]
[Date "2024.03.14"]
[Round "7.3"]
[White "Nespora, Tatana"]
[Black "Nagyova, Daniela"]
[Result "0-1"]
[ECO "C30"]
[WhiteElo "1839"]
[BlackElo "1927"]
[Annotator "ChessBase"]
[PlyCount "116"]
[EventDate "2024.03.10"]
[EventType "tourn"]
[EventCountry "CZE"]
[SourceTitle "playchess.com"]
[Source "ChessBase"]
[SourceQuality "1"]
[WhiteTeam "Czech Republic"]
[BlackTeam "Czech Republic"]
[WhiteTeamCountry "CZE"]
[BlackTeamCountry "CZE"]
[TimeControl "40/5400+30:1800+30"]

1. e4 e5 2. f4 Bc5 3. Nf3 d6 4. c3 Nf6 5. d4 exd4 6. cxd4 Bb6 7. Bd3 O-O 8. O-O Re8 9. Nc3 Nc6 10. Bc2 Bg4 11. Be3 Bf5 12. e5 Bxc2 13. Qxc2 Ng4 14. Ng5 g6 15. Qb3 Rf8 16. Nd5 Nxe3 17. Nxb6 Nxf1 18. Nxa8 Qxa8 19. Qh3 h5 20. Rxf1 Nxd4 21. Qd3 dxe5 22. fxe5 Qd8 23. Ne4 Nc6 24. Nf6+ Kg7 25. Qe3 Qd4 26. Qxd4 Nxd4 27. Rd1 Nc6 28. Rd5 Nxe5 29. Nxh5+ gxh5 30. Rxe5 Rd8 31. Rxh5 Rd1+ 32. Kf2 Rd2+ 33. Kf3 Rxb2 34. a4 Rb3+ 35. Kf2 Rb4 36. a5 b6 37. Kf3 Ra4 38. axb6 cxb6 39. Rb5 Kf6 40. g4 Ra5 41. Rb3 b5 42. h3 a6 43. Ke4 Ra4+ 44. Kd3 b4 45. Kc2 a5 46. h4 Ra2+ 47. Kb1 Rh2 48. Rf3+ Kg6 49. h5+ Kg5 50. Rxf7 Kxg4 51. Ra7 Rxh5 52. Kb2 Kf4 53. Kb3 Rc5 54. Re7 Rc3+ 55. Ka4 Ra3+ 56. Kb5 b3 57. Re1 b2 58. Rb1 Ra2 0-1